 Dungeon Crawl Stone Soup version 0.29.1-1-gd02db6906a (webtiles) character file.

Game seed: 10449246627376460663

109 plokij the Shooter (level 4, -3/38 HPs)
             Began as a Minotaur Hunter on Oct 21, 2022.
             Killed from afar by Crazy Yiuf (4 damage)
             ... with a puff of flame
             ... on level 2 of the Dungeon.
             The game lasted 00:11:35 (2317 turns).

plokij the Shooter (Minotaur Hunter)                Turns: 2317, Time: 00:11:36

Health: -3/38      AC:  3    Str: 15    XL:     4   Next: 60%
Magic:  3/3        EV: 12    Int:  6    God:
Gold:   95         SH:  0    Dex: 16    Spells: 3/3 levels left

rFire   . . .      SeeInvis .   a - +0 shortbow
rCold   . . .      Faith    .   (shield currently unavailable)
rNeg    . . .      Spirit   .   c - +0 leather armour
rPois   .          Reflect  .   (helmet restricted)
rElec   .          Harm     .   (no cloak)
rCorr   .          Rampage  .   (no gloves)
Will    .....                   (no boots)
Stlth   ++........              (no amulet)
HPRegen 0.12/turn               (no ring)
MPRegen 0.08/turn               (no ring)

@: no status effects
A: horns 2, retaliatory headbutt
a: no special abilities


You were on level 2 of the Dungeon.
You visited 1 branch of the dungeon, and saw 3 of its levels.

You collected 95 gold pieces.

Inventory:

Hand Weapons
 a - a +0 shortbow (weapon)
Armour
 c - a +0 leather armour (worn)
 k - a +0 tower shield
Magical Staves
 f - a staff of death
Scrolls
 b - a scroll of immolation
 d - a scroll of noise {unknown}
 e - a scroll of torment {unknown}
 i - a scroll of magic mapping {unknown}
 j - 3 scrolls of identify {unknown}
 m - a scroll of teleportation {unknown}
Potions
 g - a potion of mutation {unknown}
 h - 2 potions of invisibility {unknown}
 l - a potion of haste {unknown}


   Skills:
 + Level 3.4 Fighting
 + Level 4.8 Ranged Weapons
 + Level 1.6 Armour
 + Level 2.9 Dodging
 * Level 2.3 Stealth


You had 3 spell levels left.
You didn't know any spells.
Your spell library contained the following spells:

 Spells                   Type           Power      Damage    Failure   Level
 Ensorcelled Hibernation  Hex/Ice        0%         N/A       67%         2
 Passwall                 Tmut/Erth      0%         N/A       67%         2
 Swiftness                Air            0%         N/A       88%         3


Dungeon Overview and Level Annotations

Branches:
Dungeon (3/15)

Altars:

Annotations:
D:2 Crazy Yiuf


Innate Abilities, Weirdness & Mutations

You have a pair of horns on your head.
You reflexively headbutt those who attack you in melee.


Message History

Fire: a) +0 shortbow
Press: ? - help, Q - select action Shift-Dir - straight line, f/p - Crazy Yiuf
Aim: Crazy Yiuf, wielding a +4 quarterstaff of chaos, wearing a +0 cloak and carrying a wand of flame (24) (lightly wounded, 66% to hit)
You shoot an arrow. The arrow hits Crazy Yiuf.
Crazy Yiuf is lightly wounded.
Crazy Yiuf zaps a wand.
The puff of flame hits you.
Fire: a) +0 shortbow
Press: ? - help, Q - select action Shift-Dir - straight line, f/p - Crazy Yiuf
Aim: Crazy Yiuf, wielding a +4 quarterstaff of chaos, wearing a +0 cloak and carrying a wand of flame (23) (lightly wounded, 66% to hit)
You shoot an arrow. The arrow hits Crazy Yiuf.
Crazy Yiuf is moderately wounded.
Crazy Yiuf hits you with a +4 quarterstaff of chaos.
Fire: a) +0 shortbow
Press: ? - help, Q - select action Shift-Dir - straight line, f/p - Crazy Yiuf
Aim: Crazy Yiuf, wielding a +4 quarterstaff of chaos, wearing a +0 cloak and carrying a wand of flame (23) (moderately wounded, 66% to hit)
You shoot an arrow.
The arrow hits Crazy Yiuf but does no damage.
Crazy Yiuf is moderately wounded.
Crazy Yiuf zaps a wand.
The puff of flame hits you!
* * * LOW HITPOINT WARNING * * *
Crazy Yiuf barely misses you.
Fire: a) +0 shortbow
Press: ? - help, Q - select action Shift-Dir - straight line, f/p - Crazy Yiuf
Aim: Crazy Yiuf, wielding a +4 quarterstaff of chaos, wearing a +0 cloak and carrying a wand of flame (22) (moderately wounded, 66% to hit)
You shoot an arrow. The arrow barely misses Crazy Yiuf.
Crazy Yiuf misses you.
Fire: a) +0 shortbow
Press: ? - help, Q - select action Shift-Dir - straight line, f/p - Crazy Yiuf
Aim: Crazy Yiuf, wielding a +4 quarterstaff of chaos, wearing a +0 cloak and carrying a wand of flame (22) (moderately wounded, 66% to hit)
You shoot an arrow. The arrow hits Crazy Yiuf!
Crazy Yiuf is severely wounded.
Crazy Yiuf zaps a wand.
The puff of flame hits you!
* * * LOW HITPOINT WARNING * * *
Fire: a) +0 shortbow
Press: ? - help, Q - select action Shift-Dir - straight line, f/p - Crazy Yiuf
Aim: Crazy Yiuf, wielding a +4 quarterstaff of chaos, wearing a +0 cloak and carrying a wand of flame (21) (severely wounded, 66% to hit)
You shoot an arrow. The arrow barely misses Crazy Yiuf.
Crazy Yiuf flaps his cloak.
Crazy Yiuf zaps a wand.
The puff of flame hits you.
You die...

......###.###.#...)## ##.##.#
....................####.##.#
..####.###.#.............##.#
..# #.# ##################.#
..# #.## #.# #.####..##♣♣♣♣♣
#.# .........#..♣.♣♣♣ ### #.#
####.##...P..♣..♣#...# #.# #
#.#.....P♣♣♣♣@g...# ####.#
####.#...#.♣♣ ♣♣#..)# #....#
#.......##♣♣ ### ######
#...#...# #.##.##.# .....†<.#
#### ####### ##
..##.##.####..# #.#...## #.
..............# #..###.### #.
#.......#####.# #.## ##..###.


You could see Crazy Yiuf.

Vanquished Creatures
  Jessica (D:2)
  2 adders (D:2)
  5 worms (D:2)
  2 dart slugs (D:1)
  6 ball pythons
  4 endoplasms
  3 goblins (D:1)
  4 hobgoblins
  4 jackals (D:2)
  A quokka (D:2)
  3 bats
  3 frilled lizards
  4 kobolds (D:1)
  5 rats
47 creatures vanquished.

Notes
Turn   | Place    | Note
-------+----------+-------------------------------------------
     0 | D:1      | plokij the Minotaur Hunter began the quest for the Orb.
     0 | D:1      | Reached XP level 1. HP: 18/18 MP: 0/0
   142 | D:1      | Reached skill level 1 in Stealth
   264 | D:1      | Reached XP level 2. HP: 25/25 MP: 1/1
   342 | D:1      | Found a faded altar of an unknown god.
   756 | D:1      | Reached XP level 3. HP: 30/30 MP: 2/2
   941 | D:1      | Reached skill level 1 in Armour
  1275 | D:2      | Noticed Jessica
  1304 | D:2      | Killed Jessica
  1319 | D:2      | Reached XP level 4. HP: 37/38 MP: 3/3
  1831 | D:2      | Identified the +1 spear "Cumurol" {spect, Stlth+}
  1859 | D:2      | You fall into a shaft and drop 1 floor!
  2077 | D:2      | Found a runed translucent door.
  2078 | D:2      | Noticed Crazy Yiuf
  2316 | D:2      | HP: 1/38 [Crazy Yiuf/puff of flame (7)]
  2317 | D:2      | Killed from afar by Crazy Yiuf

Illustrated notes

Levels and vault maps discovered:
D:1:      saegor_arrival_simple_b, layout_basic,
          shapermc_ecumenical_altar_acropolis
D:2:      layout_loops_ring, uniq_crazy_yiuf_cottage, uniq_jessica
D:3:      layout_loops_ring, minmay_misc_feat_hallway, hex_large

Skill      XL: |  1  2  3 |
---------------+----------+-----
Stealth        | 1 2 |  2.3
Armour         | 1 |  1.6
Fighting       | 3 |  3.4
Ranged Weapons | |  4.8
Dodging        | |  2.9

Action                   |  1- 3 |  4- 6 || total
-------------------------+-------+-------++-------
 Fire: Shortbow          |    74 |    69 ||   143
Armor: Leather armour    |     8 |     2 ||    10
Dodge: Dodged            |    11 |    13 ||    24
